 Dungeon Crawl Stone Soup version 0.28-a0-1128-gb845255321 (webtiles) character file.

Game seed: 13962427498751895482

16021 Majang the Cleaver (level 12, 0/106 HPs)
             Began as a Ghoul Gladiator on Dec 12, 2021.
             Was a High Priest of Okawaru.
             Slain by Rupert (10 damage)
             ... on level 4 of the Lair of Beasts.
             The game lasted 00:48:37 (13669 turns).

Majang the Cleaver (Ghoul Gladiator)               Turns: 13669, Time: 00:48:38

Health: 0/106      AC: 24    Str: 21    XL:     12   Next: 33%
Magic:  10/15      EV: 14    Int:  5    God:    Okawaru [*****.]
Gold:   780        SH:  5    Dex: 10    Spells: 11/11 levels left

rFire   . . .      SeeInvis .   a - +2 broad axe (flame)
rCold   + + .      Faith    .   (no shield)
rNeg    + + +      Spirit   .   b - +3 scale mail {Will+}
rPois   ∞          Reflect  +   c - +1 helmet
rElec   .          Harm     .   v - +1 cloak
rCorr   .          Rampage  .   (no gloves)
Will    +....                   E - +1 pair of boots
Stlth   +.........              f - amulet of reflection
HPRegen 0.00/turn               m - +4 ring of protection
MPRegen 0.14/turn               g - ring of protection from cold

@: heroic, finesse-ful, inhibited regen, hasted, studying Polearms, very quick
A: claws 1, cold resistance 1, negative energy resistance 3, inhibited
regeneration, torment resistance 2
a: Renounce Religion, Heroism, Finesse, Duel


You were on level 4 of the Lair of Beasts.
You worshipped Okawaru.
Okawaru was extremely pleased with you.
You visited 3 branches of the dungeon, and saw 14 of its levels.

You collected 857 gold pieces.
You spent 77 gold pieces at shops.

Inventory:

Hand Weapons
 a - a +2 broad axe of flaming (weapon)
 n - the +7 spear "Egienn" {flame, rElec Str+6 Dex-4 Stlth-}
   (You found it on level 6 of the Dungeon)

   It burns those it strikes, dealing additional fire damage.
   Str:       It affects your strength (+6).
   Dex:       It affects your dexterity (-4).
   rElec:     It insulates you from electricity.
   Stlth:     It makes you less stealthy.
 w - the +9 mace of Mordant Honour {freeze, *Noise rF+ rCorr Int+2}
   (You found it on level 6 of the Dungeon)

   It freezes those it strikes, dealing additional cold damage.
   It can also slow down cold-blooded creatures.
   Int:       It affects your intelligence (+2).
   rF:        It protects you from fire.
   *Noise:    It may make noises in combat.
   rCorr:     It protects you from acid and corrosion.
 G - a +1 battleaxe
Missiles
 h - 32 poisoned darts (quivered)
 A - 5 javelins
 C - 12 boomerangs
Armour
 b - a +3 scale mail of willpower (worn)
 c - a +1 helmet (worn)
 v - a +1 cloak (worn)
 B - +0 acid dragon scales
 E - a +1 pair of boots (worn)
 K - the +3 Mad Mage's Maulers {Infuse+∞ RegenMP Int-3}
   (You found it on level 7 of the Dungeon)

   It empowers its wearer's blows with all of their magic.
   It causes its wearer's magical reserves to regenerate more quickly.
   Int:       It affects your intelligence (-3).
 O - a +2 chain mail of cold resistance
Jewellery
 f - an amulet of reflection (around neck)
 g - a ring of protection from cold (right claw)
 j - a ring of fire
 m - a +4 ring of protection (left claw)
 s - a ring of resist corrosion
 I - a ring of magical power
Wands
 o - a wand of flame (4)
 r - a wand of digging (1)
 x - a wand of acid (15)
Scrolls
 d - a scroll of fear
 p - a scroll of identify
 q - 5 scrolls of teleportation
 u - a scroll of magic mapping
 M - a scroll of immolation
 P - a scroll of brand weapon
Potions
 e - 3 potions of curing
 i - a potion of attraction {unknown}
 k - a potion of haste
 H - a potion of lignification {unknown}
 J - a potion of cancellation {unknown}
 L - a potion of resistance {unknown}


   Skills:
 + Level 9.8(14.8) Fighting
 * Level 11.7(16.7) Axes
 - Level 1.7(6.7) Throwing
 + Level 7.3(12.3) Armour
 + Level 7.9(12.9) Dodging
 + Level 6.4 Invocations


You had 11 spell levels left.
You didn't know any spells.
Your spell library contained the following spells:

 Spells                   Type           Power      Damage    Failure   Level
 Pain                     Necr           0%         1d4       75%         1
 Gell's Gravitas          Tloc           0%         N/A       98%         3
 Portal Projectile        Hex/Tloc       0%         N/A       98%         3
 Teleport Other           Tloc           0%         N/A       98%         3
 Vampiric Draining        Necr           0%         2d6       98%         3
 Leda's Liquefaction      Hex/Erth       0%         N/A       100%        4
 Dispersal                Tloc           0%         N/A       100%        6
 Animate Skeleton         Necr           Unusable   N/A       N/A         1
 Call Canine Familiar     Summ           Unusable   N/A       N/A         3

Dungeon Overview and Level Annotations

Branches:
Dungeon (9/15)             Temple (1/1) D:5            Lair (3/6) D:9
  Swamp: Lair:2-4    Shoals: Lair:2-4     Snake: Lair:2-4    Spider: Lair:2-4
    Orc: D:9-12

Altars:
Ashenzari
Cheibriados
Dithmenos
Elyvilon
Fedhas
Gozag
Hepliaklqana
Kikubaaqudgha
Makhleb
Nemelex Xobeh
Okawaru
Qazlal
Ru
Sif Muna
Trog
Uskayaw
Vehumet
Wu Jian
Xom
Yredelemnul
Zin
The Shining One
Lugonu

Shops:
D:6 ?   D:9 *

Annotations:
Lair:4 Rupert


Innate Abilities, Weirdness & Mutations

You thrive by killing the living.
You are immune to poison.
You have sharp fingernails.
Your flesh is cold resistant. (rC+)
You are immune to negative energy. (rN+++)
You do not regenerate when monsters are visible.
You are immune to unholy pain and torment.


Message History

Rupert hits you with a +4 battleaxe of freezing!!
* * * LOW HITPOINT WARNING * * *
Rupert freezes you.
* * * LOW HITPOINT WARNING * * *
Unknown command.
You feel much better.
Rupert hits you with a +4 battleaxe of freezing!!
* * * LOW HITPOINT WARNING * * *
Rupert freezes you.
* * * LOW HITPOINT WARNING * * *
Unknown command.
You feel much better.
Rupert hits you with a +4 battleaxe of freezing!
* * * LOW HITPOINT WARNING * * *
Rupert freezes you.
* * * LOW HITPOINT WARNING * * *
Rupert hits you with a +4 battleaxe of freezing!
* * * LOW HITPOINT WARNING * * *
Rupert freezes you.
* * * LOW HITPOINT WARNING * * *
You feel much better.
Rupert hits you with a +4 battleaxe of freezing!!
* * * LOW HITPOINT WARNING * * *
You feel much better. Rupert misses you.
Rupert hits you with a +4 battleaxe of freezing!
* * * LOW HITPOINT WARNING * * *
Rupert freezes you.
* * * LOW HITPOINT WARNING * * *
Unknown command.
You hit Rupert. You burn Rupert.
Rupert is lightly wounded.
You slice Rupert!! You burn Rupert!
Rupert is moderately wounded.
Rupert hits you with a +4 battleaxe of freezing.
* * * LOW HITPOINT WARNING * * *
You slice Rupert!! You burn Rupert.
Rupert is moderately wounded.
You feel yourself speed up.
Rupert hits you with a +4 battleaxe of freezing!
You die...

.# ### ####.# ## ..
###.###.#.## ##.#. ..#
#..........###.....
...###..................
........................
........................
(...............@@......
........................
....#.#.#........#.###..
.. ###.####+..#######
#....##...##....#
#.....#...##....#
#.....'...'†....#
#####.##†####'#.#
##.#####†####†###


You could see Rupert (berserk).

Vanquished Creatures
  A hydra (Lair:2)
  A boulder beetle (D:7)
  A catoblepas (Lair:2)
  A death yak (Lair:4)
  A lindwurm (Lair:1)
  Pikel (D:4)
  5 cane toads
  A black mamba (Lair:2)
  Maggie (D:6)
  A rime drake (Lair:1)
  2 komodo dragons (Lair:2)
  A hornet (D:9)
  9 blink frogs
  Sigmund (D:6)
  5 wyverns
  Eustachio (D:4)
  15 yaks
  6 water moccasins
  2 black bears
  3 orc warriors
  2 ice beasts
  An ogre (D:5)
  A sky beast (D:7)
  3 centaurs
  2 lemures (D:3)
  A kobold brigand (D:7)
  11 bullfrogs
  7 scorpions
  A water moccasin skeleton (D:7)
  9 killer bees
  6 wights
  An electric eel (Lair:2)
  3 howler monkeys (D:9)
  A bullfrog zombie (D:6)
  2 centaur zombies (D:7)
  3 hounds
  2 jellies
  5 orc priests
  Crazy Yiuf (D:6)
  A gnoll shaman (D:6)
  2 centaur skeletons
  4 iguanas
  5 orc wizards
  6 hell rats (Lair:4)
  A hound skeleton (D:4)
  A howler monkey zombie (D:5)
  4 gnolls (D:6)
  A howler monkey skeleton (D:6)
  6 river rats (Lair:4)
  9 adders
  A white imp (D:7)
  An adder skeleton (D:4)
  5 worms
  2 dart slugs
  23 orcs
  4 ball pythons
  8 endoplasms
  3 giant cockroaches (D:1)
  5 goblins
  8 hobgoblins
  7 jackals (D:1)
  11 kobolds
  3 quokkas
  6 bats
  3 frilled lizards
  9 rats
260 creatures vanquished.

Vanquished Creatures (others)
  9 fungi
  25 plants
34 creatures vanquished.

Grand Total: 294 creatures vanquished

Notes
Turn   | Place    | Note
-------+----------+-------------------------------------------
     0 | D:1      | Majang the Ghoul Gladiator began the quest for the Orb.
     0 | D:1      | Reached XP level 1. HP: 17/17 MP: 0/0
   100 | D:1      | Reached skill level 3 in Axes
   100 | D:1      | Reached XP level 2. HP: 16/25 MP: 1/1
   675 | D:1      | Reached XP level 3. HP: 24/30 MP: 2/2
   765 | D:1      | Found a faded altar of an unknown god.
  1547 | D:2      | Reached XP level 4. HP: 36/38 MP: 3/3
  1584 | D:2      | Reached skill level 4 in Axes
  1866 | D:2      | Noticed a scorpion
  1875 | D:2      | Killed a scorpion
  1876 | D:2      | Reached XP level 5. HP: 46/46 MP: 4/4
  3186 | D:4      | Noticed Eustachio
  3682 | D:4      | Reached skill level 5 in Axes
  3682 | D:4      | Reached XP level 6. HP: 52/52 MP: 5/5
  3770 | D:4      | Noticed Pikel
  3874 | D:5      | Entered Level 5 of the Dungeon
  3908 | D:4      | Killed Eustachio
  3909 | D:4      | Reached skill level 1 in Armour
  3909 | D:4      | Reached XP level 7. HP: 35/60 MP: 6/6
  4171 | D:5      | Reached skill level 6 in Axes
  4221 | D:5      | Found Vyodghen's Book Emporium.
  4245 | D:5      | Found a sacrificial altar of Ru.
  4270 | D:5      | Reached skill level 5 in Fighting
  4491 | D:5      | Found a staircase to the Ecumenical Temple.
  4497 | Temple   | Entered the Ecumenical Temple
  5387 | Temple   | Became a worshipper of Warmaster Okawaru
  5539 | D:4      | Found an opulent altar of Gozag.
  5699 | D:4      | Killed Pikel
  5699 | D:4      | Reached * piety under Okawaru
  5699 | D:4      | Reached ** piety under Okawaru
  5700 | D:4      | Reached XP level 8. HP: 51/70 MP: 7/7
  5782 | D:6      | Found Irevitz's Magic Scroll Boutique.
  5786 | D:6      | Bought a scroll of magic mapping for 49 gold pieces
  5786 | D:6      | Bought a scroll of identify for 28 gold pieces
  5844 | D:6      | Identified the +7 spear "Egienn" {flame, rElec Str+6 Dex-4
                  | Stlth-}
  5887 | D:6      | Reached skill level 7 in Axes
  5933 | D:6      | Noticed Maggie
  6418 | D:6      | Found a runed translucent door.
  6419 | D:6      | Noticed Crazy Yiuf
  6426 | D:6      | Killed Crazy Yiuf
  6436 | D:6      | Identified the +9 mace of Mordant Honour {freeze, *Noise
                  | rF+ rCorr Int+2}
  6704 | D:6      | Reached XP level 9. HP: 75/75 MP: 5/8
  7009 | D:6      | Noticed Sigmund
  7010 | D:6      | Killed Maggie
  7010 | D:6      | Reached *** piety under Okawaru
  7011 | D:6      | Reached skill level 8 in Axes
  7011 | D:6      | Reached skill level 5 in Dodging
  7017 | D:6      | Killed Sigmund
  7017 | D:6      | Received a gift from Okawaru
  7797 | D:7      | Found the +3 Mad Mage's Maulers {Infuse+∞ RegenMP Int-3}
  7829 | D:7      | Noticed a boulder beetle
  7852 | D:7      | Killed a boulder beetle
  7852 | D:7      | Reached **** piety under Okawaru
  7853 | D:7      | Reached skill level 9 in Axes
  7853 | D:7      | Reached skill level 5 in Armour
  7853 | D:7      | Reached XP level 10. HP: 27/86 MP: 1/10
  9033 | D:8      | Found a stormy altar of Qazlal.
  9075 | D:8      | Found a bloodstained altar of Trog.
  9076 | D:8      | Found a snail-covered altar of Cheibriados.
  9089 | D:8      | Found an ornate altar of the Wu Jian Council.
  9090 | D:8      | Found a basalt altar of Yredelemnul.
  9090 | D:8      | Found a shimmering blue altar of Sif Muna.
  9090 | D:8      | Found a shimmering altar of Xom.
  9091 | D:8      | Found a blossoming altar of Fedhas.
  9539 | D:8      | Found an ancient bone altar of Kikubaaqudgha.
  9539 | D:8      | Found a radiant altar of Vehumet.
  9540 | D:8      | Found a burning altar of Makhleb.
  9541 | D:8      | Found a broken altar of Ashenzari.
  9959 | D:9      | Found a staircase to the Lair.
  9999 | D:9      | Reached ***** piety under Okawaru
 10028 | D:9      | Reached skill level 10 in Axes
 10043 | D:9      | Reached XP level 11. HP: 44/95 MP: 9/12
 10475 | D:9      | Found Qamn's Serpentskin Sales.
 10798 | Lair:1   | Entered Level 1 of the Lair of Beasts
 10948 | Lair:1   | Noticed a lindwurm
 10959 | Lair:1   | Killed a lindwurm
 11315 | Lair:1   | Reached skill level 5 in Invocations
 11867 | Lair:2   | Received a gift from Okawaru
 11868 | Lair:2   | Reached skill level 11 in Axes
 11869 | Lair:2   | Noticed a five-headed hydra
 11877 | Lair:2   | Noticed a catoblepas
 11881 | Lair:2   | Killed a one-headed hydra
 11895 | Lair:2   | Killed a catoblepas
 12223 | Lair:2   | Reached XP level 12. HP: 84/105 MP: 15/15
 12386 | Lair:2   | Reached ****** piety under Okawaru
 12611 | Lair:2   | HP: 5/105 [komodo dragon (22)]
 13509 | Lair:3   | You fall into a shaft and drop 1 floor!
 13611 | Lair:4   | Noticed a death yak
 13624 | Lair:4   | Killed a death yak
 13649 | Lair:4   | Noticed Rupert
 13651 | Lair:4   | Paralysed by Rupert for 7 turns
 13669 | Lair:4   | Slain by Rupert

Illustrated notes

Levels and vault maps discovered:
D:1:      dpeg_arrival_circle_labyrinth_b, layout_basic,
          ebering_ecumenical_altar_hall, minmay_misc_feat_alley
D:2:      layout_basic, kennysheep_potato
D:3:      layout_basic
D:4:      layout_loops_ring, pdpol_temple_overflow_zin_treasury_gozag_greed,
          uniq_eustachio, uniq_pikel
D:5:      layout_cave_pods, gammafunk_temple_overflow_statue,
          minmay_temple_entry_enclosed_plants, serial_shops,
          nicolae_shop_crystal
D:6:      layout_loops_corners, serial_shops, shop, uniq_sigmund, uniq_maggie,
          uniq_crazy_yiuf_cottage
D:7:      layout_rooms, small_statue_intersection, chequers_garden,
          minmay_manual_monstrance
D:8:      layout_layer_cave, nicolae_overflows_in_rows
D:9:      layout_roguey, minmay_lair_entry_grove, minmay_misc_feat_room,
          guppyfry_shop_venom
Temple:   corrupted_temple
Lair:1:   layout_roguey, nicolae_lair_lindhole
Lair:2:   layout_regular_city, serial_bayou, serial_bayou_pond_d,
          serial_bayou_pond_b, serial_bayou_pond_c, serial_bayou_ford_a
Lair:3:   layout_loops_ring, minivault_26, beast_lair_carwin_10,
          lemuel_fruit_tree, infiniplex_staircase_pool_2, uniq_urug
Lair:4:   pond_and_an_island_with_a_cottage, layout_cave_shapes,
          palyth_hydra_swamp_entry, dummy_snake_entry, st_stairs_8,
          kennysheep_abandoned_house, uniq_rupert

Skill      XL: |  1  2  3  4  5  6  7  8  9 10 11 12 |
---------------+-------------------------------------+-----
Axes           | 3 4 5 6 7 9 10 11 | 11.7
Fighting       | 3 4 5 6 7 8 9 |  9.8
Armour         | 1 3 5 6 7 |  7.3
Dodging        | 3 4 5 6 7 |  7.9
Invocations    | 2 3 5 6 |  6.4
Throwing       | |  1.7

Action                   |  1- 3 |  4- 6 |  7- 9 | 10-12 || total
-------------------------+-------+-------+-------+-------++-------
Melee: War axe           |    83 |   160 |   207 |       ||   450
       Broad axe         |       |       |    67 |   432 ||   499
       Mace              |       |       |    10 |    28 ||    38
       Punch             |       |       |       |     5 ||     5
Throw: Throwing net      |       |     1 |     3 |       ||     4
       Dart              |       |       |    16 |       ||    16
Invok: Heroism           |       |       |     4 |    11 ||    15
       Finesse           |       |       |       |     1 ||     1
Evoke: Wand              |       |       |       |     1 ||     1
  Use: Scroll            |     2 |     6 |    11 |     7 ||    26
       Potion            |       |     1 |     1 |     8 ||    10
 Stab: Held in net/web   |       |     1 |       |       ||     1
       Petrified         |       |       |       |     6 ||     6
Armor: Leather armour    |    29 |     3 |       |       ||    32
       Ring mail         |       |    50 |       |       ||    50
       Scale mail        |       |    31 |   121 |   163 ||   315
Dodge: Dodged            |    86 |   104 |   109 |   247 ||   546
Block: Other             |       |       |    38 |    83 ||   121
       Reflection        |       |       |     2 |     5 ||     7

Table legend: (Time is in decaauts)
 A = Elapsed time spent in this place.
 B = Non-inter-level travel time spent in this place.
 C = Inter-level travel time spent in this place.
 D = Time resting spent in this place.
 E = Time spent auto-exploring this place.
 F = Levels seen in this place.
 G = Mean time per level.
                   A        B        C        D        E       F      G
               +--------+--------+--------+--------+--------+-----+--------+
         Total |  13792 |  13170 |    622 |   3618 |   6330 |  14 |  985.1 |
       Dungeon |  10839 |  10303 |    536 |   2521 |   5216 |   9 | 1204.3 |
        Temple |     85 |     53 |     32 |      0 |      0 |   1 |   85.0 |
          Lair |   2867 |   2813 |     54 |   1097 |   1114 |   4 |  716.8 |
               +--------+--------+--------+--------+--------+-----+--------+

Top non-repeatable levels by time:
  Lair:2: 1686 daAuts
     D:6: 1630 daAuts
     D:8: 1563 daAuts
     D:3: 1505 daAuts
     D:1: 1179 daAuts
     D:4: 1153 daAuts
     D:2: 1132 daAuts
     D:7: 999 daAuts
  Lair:1: 957 daAuts
     D:9: 847 daAuts
     D:5: 827 daAuts
  Lair:4: 156 daAuts
  Temple: 85 daAuts
  Lair:3: 67 daAuts
